Map: Ice and Chrome LE

Players

Azure

  • Race: Terran Terran
  • League: Master
  • Spawn Location: 1:00

MeomaikA - Winner!

  • Race: Zerg Zerg
  • League: Grandmaster
  • Spawn Location: 7:00

Event: DreamHack SC2 Masters 2020 Summer Oceania RoA

VOD

Have the link to the VOD?

Description

Time

  • Played on: June 24, 2020, 5:21 a.m.
  • Length: 6:36

All games in this series

Show
View Real Time Build Order
Export as new Build Order

Azure Terran 

Build Orders: Hellion Opening, Reaper Expand 

Get SALT Encoding   

  12  0:00  SCV  
  13  0:13  SCV  
  14  0:17  Supply Depot  
  14  0:25  SCV  
  15  0:38  SCV  
  15  0:40  Barracks  
  16  0:44  Refinery  
  16  0:50  SCV  
  17  1:02  SCV  
  18  1:15  SCV  
  19  1:27  Orbital Command, Reaper  
  20  1:42  Command Center  
  21  1:54  SCV  
  21  1:57  Supply Depot  
  21  1:59  Marine  
  21  2:06  SCV  
  22  2:09  Factory  
  22  2:15  Refinery  
  22  2:18  SCV  
  22  2:20  Barracks Reactor  
  23  2:30  SCV  
  24  2:42  SCV  
  25  2:54  Starport, Orbital Command, SCV  
  26  3:02  Hellion x2  
  26  3:05  Marine  
  30  3:06  SCV  
  32  3:19  SCV  
  33  3:20  SCV  
  33  3:24  Hellion  
  36  3:28  Hellion  
  36  3:31  SCV  
  36  3:32  SCV  
  36  3:34  Fusion Core  
  39  3:41  Supply Depot  
  39  3:43  SCV  
  39  3:44  SCV  
  39  3:46  Hellion  
  43  3:49  Hellion  
  43  3:55  SCV  
  46  4:03  SCV  
  46  4:05  Starport Tech Lab  
  46  4:06  Supply Depot  
  46  4:07  SCV  
  46  4:08  Supply Depot  
  48  4:12  Hellion  
  48  4:15  SCV  
  51  4:19  Supply Depot, SCV  
  50  4:27  SCV  
  50  4:31  Battlecruiser  
  51  4:33  SCV  
  51  4:36  Supply Depot  
  52  4:42  Hellion  
  52  4:44  Hellion, SCV  
  57  4:49  SCV  
  58  4:57  SCV  
  59  5:03  Command Center, Hellion  
  59  5:05  Hellion  
  51  5:20  SCV  
  46  5:24  SCV, Hellion  
  46  5:27  Hellion  
  43  5:32  SCV  
  44  5:36  SCV  
  45  5:44  SCV  
  45  5:46  Hellion  
  45  5:48  SCV  
  49  5:54  Supply Depot  
  47  6:00  Hellion  
  44  6:06  SCV  
  44  6:07  SCV  
  43  6:12  Hellion  
  43  6:18  SCV  
  45  6:19  SCV  
Show
View Real Time Build Order
Export as new Build Order

MeomaikA Zerg - Winner!

Build Orders: Pool First 

Get SALT Encoding   

  12  0:00  Drone  
  13  0:08  Drone  
  14  0:16  Overlord  
  14  0:26  Drone, Extractor  
  15  0:35  Drone x2  
  17  0:45  Spawning Pool  
  17  0:48  Drone  
  17  1:09  Hatchery  
  17  1:10  Drone  
  17  1:13  Extractor  
  17  1:15  Drone  
  17  1:31  Zergling x4, Queen  
  21  1:37  Drone  
  22  1:48  Overlord  
  22  2:06  Drone  
  22  2:07  Queen  
  25  2:10  Drone  
  25  2:14  Metabolic Boost  
  26  2:20  Drone  
  26  2:21  Drone  
  28  2:31  Drone  
  28  2:32  Drone  
  30  2:39  Drone x2  
  30  2:40  Drone  
  30  2:43  Drone x2  
  35  2:53  Overlord  
  35  2:54  Drone  
  36  3:01  Hatchery  
  36  3:04  Drone  
  36  3:15  Drone, Spore Crawler  
  36  3:17  Drone x2  
  36  3:19  Drone x2  
  40  3:20  Drone  
  40  3:26  Drone  
  42  3:30  Drone  
  42  3:31  Lair  
  42  3:32  Evolution Chamber  
  42  3:36  Drone  
  42  3:38  Extractor  
  42  3:41  Overlord  
  42  3:46  Roach Warren  
  42  3:48  Drone  
  42  3:52  Drone x2, Baneling Nest  
  43  3:58  Overlord, Zergling x2  
  43  4:01  Zerg Melee Weapons Level 1, Zergling x2  
  43  4:02  Zergling x2  
  45  4:17  Zergling x4  
  47  4:18  Zergling x2  
  47  4:19  Zergling x2  
  47  4:20  Zergling x4  
  47  4:21  Zergling x2  
  47  4:22  Zergling x2  
  47  4:23  Zergling x2  
  51  4:24  Zergling x4  
  51  4:26  Drone  
  51  4:34  Drone x2  
  51  4:37  Drone  
  54  4:39  Spire  
  54  4:41  Queen  
  55  4:46  Drone, Extractor  
  55  4:47  Drone  
  55  4:49  Drone  
  57  4:56  Drone  
  55  5:09  Zergling x6  
  55  5:12  Zergling x4  
  58  5:14  Overlord  
  58  5:15  Overlord  
  58  5:21  Overlord  
  55  5:31  Drone x2  
  55  5:32  Drone, Overlord  
  57  5:37  Drone x3  
  57  5:39  Drone x2  
  59  5:51  Corruptor x4  
  59  5:53  Zergling x4  
  59  5:55  Zergling x2  
  63  6:00  Zergling x4  
  63  6:03  Zergling x2  
  63  6:07  Zergling x4  
  63  6:11  Spore Crawler, Zergling x2  
  61  6:12  Zergling x2  
  61  6:15  Zergling x4  
  61  6:17  Zergling x2  
Tags
 
Add a new tag
Caveats
  • Supply blocks, unpowered buildings, or Contaminate may cause inaccurate times.
  • Supply counts are checked every 10 seconds.